Frizzbo, chaotic female sylph Rogue ------- ----------- |.....-# ------ #...........# |.....|# |.)..| # #|.>.......|# ------------ #......|# |.....######|.........|# |..........| #|.....|# |..|.| # #-----------# #...........| #|.....|# |....| # ################%###|..........| #|.....|# |....| # # #|..........-# #-------# |....| # # #----.-------# #### # -.---- # # #################` # # # # # # # # # # # # ### # # # ### # # # # # ### # # ### #### # # # ------ --|-----# #-------.------##############################.....| |.......# #|ljh@......^..# ###--------# # |....| |....<.| #|hEd..>......| #........# ###|....| |.......########### #.Ful..........##### |......| #.....| -------- ---------.---- -------- ------ # Frizzbo the Cutpurse Experience level: 5 Strength: 11 Dexterity: 20 Constitution: 14 Intelligence: 13 Wisdom: 10 Charisma: 7 Health: 0(37) Energy: 21(21) Def: 0 Gold: 255 Moves: 3291 Dungeon seed: iHiMdWwBVKFhfraR Game ID: Frizzbo_1467226980 Your Inventory: Coins $ - 255 gold pieces Amulets P - an uncursed amulet of flying (being worn) Weapons a - an uncursed +0 short sword (weapon in hand) u - an uncursed +1 dagger B - 4 uncursed +0 daggers I - 11 uncursed +0 daggers (in quiver) Comestibles r - an uncursed sprig of wolfsbane s - 2 uncursed eggs t - 2 uncursed food rations Q - 2 uncursed eucalyptus leaves Potions O - an uncursed potion of full healing V - a blessed potion of gain level Rings i - an uncursed ring of polymorph control y - an uncursed ring of slow digestion z - an uncursed ring of invisibility (on left hand) Wands h - an uncursed wand of opening (0:3) A - an uncursed wand of striking (0:4) G - an uncursed wand of create monster (0:12) H - an uncursed wand of nothing (0:6) Y - an uncursed wand of digging (0:2) Tools d - an uncursed lock pick f - an uncursed sack g - an uncursed blindfold U - a blessed tallow candle (0:200) Gems e - an uncursed worthless piece of red glass n - 2 uncursed worthless pieces of violet glass Contents of the sack: 400 gold pieces an uncursed scroll of blank paper an uncursed scroll of fire an uncursed scroll of food detection an uncursed scroll of scare monster an uncursed spellbook of identify an uncursed spellbook of magic missile an uncursed spellbook of sleep an uncursed potion of gain energy an uncursed potion of healing a cursed potion of invisibility an uncursed potion of levitation an uncursed potion of object detection an uncursed potion of sickness an uncursed potion of sleeping Spells and supernatural/magical abilities: Name Level Category Fail Memory u - confuse monster 2 enchantment 100% 98% z - sleep 1 enchantment 36% 88% I - identify 3 divination 100% 100% W - pray for help -- divine ? -- Your skills at the end: Miscellaneous Skills wands [Basic] Weapon Skills dagger [Skilled] short sword [Basic] Spellcasting Skills healing spells [Basic] Final Attributes: You were piously aligned. You saw invisible. You had infravision. You were invisible to others. You were stealthy. You could fly. You were held by a lichen. You were protected from shape changers. You are dead. Vanquished creatures: a dwarf lord a pony a gnome lord 3 floating eyes a kitten a dwarf an iguana 3 orc zombies an acid blob 3 geckos a cave spider a yellow mold a green mold 7 gnomes 8 jackals a fox a kobold 4 newts 2 sewer rats a grid bug 4 lichens 47 creatures vanquished. Voluntary challenges: You were vegetarian. You had followed a strict vegan diet until turn 2093. You did not wear any clothing or armor. You used a wielded weapon 13 times, starting on turn 273. You did not apply a unicorn horn. You read items or engraved 21 times, starting on turn 877. You never genocided any monsters. You never polymorphed an object. You never changed form. You used no wishes. You never split a pudding. You never wrote Elbereth's name. You never violated your personal moral code. Dungeon overview: The Dungeons of Doom: levels 1 to 6 Level 1 some altars to Issek and Mog, a sink a long staircase Level 2 an altar to Issek, some sinks Level 3 <- You were here stairs to The Gnomish Mines Level 4 a fountain Level 5 a fountain, a sink Level 6 The Gnomish Mines: Level 4 stairs to The Dungeons of Doom History has recorded: On T:1 you entered the Dungeons of Doom to retrieve the Amulet of Yendor! On T:562 you reached level 2 of The Dungeons of Doom. On T:696 you reached level 3 of The Dungeons of Doom. On T:1052 you advanced to experience level 2. On T:2050 you reached level 5 of The Dungeons of Doom. On T:2181 you advanced to experience level 3. On T:2664 you reached level 6 of The Dungeons of Doom. On T:2810 you advanced to experience level 4. On T:3049 you reached level 1 of The Gnomish Mines. On T:3121 you advanced to experience level 5. Score breakdown: Gold: 655 ( 65 points) Experience: 5 levels ( 400 points) Exploration: 6 levels ( 150 points) Discoveries: 7 items ( 350 points) Variety of kills: 21 monsters ( 1050 points) Major goal: (nothing yet) ( 0 points) Survival: died (score multiplied by 3) Total score: 6045 Latest messages: The hobbit bumps right into you! The pony kicks! The pony bites! The fox bites! The gecko bites! The gecko bumps right into you! The lichen touches you! The hobbit just misses! The pony kicks! The pony bites! The dwarf wields a broad short sword! The fox bites! The pony kicks! The pony bites! The fox bites! You dig a hole through the floor. The pony kicks! The pony bites! The fox bites! You are being held, and cannot go down. The gecko bites! (2x) The hobbit punches you! The pony kicks! You die... Final status: Goodbye Frizzbo the Rogue, killed by a pony... You died in The Dungeons of Doom on dungeon level 3 with 6045 points, and 655 pieces of gold, after 3291 moves. You were level 5 with a maximum of 37 hit points when you died.